 Dungeon Crawl Stone Soup version 0.29-a0-866-g0545e20025 (webtiles) character file.

Game seed: 11290207002785499487

613 MirrMurr the Poker (level 7, -16/61 HPs)
             Began as a Minotaur Gladiator on July 17, 2022.
             Was an Initiate of Ru.
             Killed from afar by a steam dragon (17 damage)
             ... with a ball of steam
             ... on level 5 of the Dungeon.
             The game lasted 00:07:25 (4759 turns).

MirrMurr the Poker (Minotaur Gladiator)             Turns: 4759, Time: 00:07:26

Health: -16/61     AC: 11    Str: 19    XL:     7   Next: 20%
Magic:  6/6        EV:  8    Int:  7    God:    Ru [......]
Gold:   308        SH:  0    Dex: 11    Spells: 6/6 levels left

rFire   . . .      SeeInvis .   a - +2 trident
rCold   . . .      Faith    .   (no shield)
rNeg    . . .      Spirit   .   f - +0 chain mail
rPois   .          Reflect  .   c - +0 hat
rElec   .          Harm     .   h - +0 cloak
rCorr   .          Rampage  .   (no gloves)
Will    +....                   t - +1 pair of boots
Stlth   ..........              (no amulet)
HPRegen 0.20/turn               l - ring of willpower
MPRegen 0.10/turn               y - ring of flight

@: flying
A: horns 2, retaliatory headbutt
a: Renounce Religion


You were on level 5 of the Dungeon.
You worshipped Ru.
Ru was noncommittal.
You visited 2 branches of the dungeon, and saw 6 of its levels.

You collected 308 gold pieces.

Inventory:

Hand Weapons
 a - a +2 trident (weapon)
 b - a +0 sling
Missiles
 d - 3 throwing nets
 e - 4 javelins
 g - 4 boomerangs
 n - 37 stones (quivered)
 w - 6 poisoned darts
Armour
 c - a +0 hat (worn)
 f - a +0 chain mail (worn)
 h - a +0 cloak (worn)
 t - a +1 pair of boots (worn)
Jewellery
 l - a ring of willpower (left hand)
 y - a ring of flight (right hand)
Scrolls
 i - a scroll of fog
 m - a scroll of fear
 o - a scroll of teleportation
 q - 2 scrolls of magic mapping
 v - a scroll of blinking
Potions
 j - a potion of might
 k - a potion of curing
 p - a potion of lignification {unknown}
 r - a potion of resistance
 s - a potion of haste
 u - a potion of brilliance {unknown}
 x - 2 potions of invisibility


   Skills:
 + Level 5.1 Fighting
 + Level 5.9 Polearms
 + Level 4.2 Throwing
 + Level 5.4 Dodging


You had 6 spell levels left.
You didn't know any spells.
Your spell library contained the following spells:

 Spells                   Type           Power      Damage    Failure   Level
 Ensorcelled Hibernation  Hex/Ice        0%         N/A       100%        2
 Passwall                 Tmut/Erth      0%         N/A       100%        2
 Confusing Touch          Hex            0%         N/A       100%        3
 Swiftness                Air            0%         N/A       100%        3
 Yara's Violent Unravell  Hex/Tmut       0%         3d3       100%        5
 Enfeeble                 Hex            0%         N/A       100%        7


Dungeon Overview and Level Annotations

Branches:
Dungeon (5/15)             Temple (1/1) D:5

Altars:
Ashenzari
Cheibriados
Dithmenos
Elyvilon
Fedhas
Gozag
Hepliaklqana
Kikubaaqudgha
Nemelex Xobeh
Okawaru
Qazlal
Ru
Sif Muna
Trog
Uskayaw
Vehumet
Wu Jian
Xom
Yredelemnul
Zin
The Shining One


Innate Abilities, Weirdness & Mutations

You have a pair of horns on your head.
You reflexively headbutt those who attack you in melee.


Message History

The sling bullet hits the steam dragon but does no damage.
You shoot a sling bullet.
The sling bullet barely misses the steam dragon.
The steam dragon breathes steam at you. The ball of steam hits you!!
The steam dragon bites you but does no damage.
The steam dragon barely misses you.
a - a +2 trident (weapon)
The steam dragon bites you but does no damage.
The steam dragon claws you but does no damage.
Found a stone staircase leading down.
The steam dragon breathes steam at you. The ball of steam hits you!
You closely miss the steam dragon.
You are engulfed in a cloud of scalding steam.
The steam dragon completely misses you. The steam dragon claws you.
You barely miss the steam dragon. You headbutt the steam dragon.
The steam dragon is lightly wounded.
You are engulfed in a cloud of scalding steam.
The steam dragon completely misses you.
The steam dragon claws you but does no damage.
The steam dragon bites you! The steam dragon barely misses you.
You barely miss the steam dragon.
The steam dragon is lightly wounded.
The steam dragon bites you.
* * * LOW HITPOINT WARNING * * *
The steam dragon barely misses you.
Unknown command.
You completely miss the steam dragon.
You headbutt the steam dragon, but do no damage.
The steam dragon is lightly wounded.
The steam dragon breathes steam at you. The ball of steam hits you!
* * * LOW HITPOINT WARNING * * *
The steam dragon bites you.
* * * LOW HITPOINT WARNING * * *
The steam dragon claws you but does no damage.
The steam dragon breathes steam at you. The ball of steam hits you!
You die...

....................#.####.#.#
...........#.##.##..#......#.#
...........#..#.##..########.#
...........##.#...........)..#
.########........#..##########
.# #.####......# .#
####....#...#.## .#
#....##.#...#.#
.#####.##.#..#..@#.#
................§§D#
###.#############..# ..#.#
#§§# #.#.# #.§# #.# #.§# #.#
#.§# ... ..§# ##### #.>#


You could see a steam dragon (catching breath).

Vanquished Creatures
  A water moccasin (D:5)
  A black bear (D:5)
  A phantom (D:4)
  A jelly (D:5)
  An orc priest (D:4)
  2 hounds
  An orc wizard (D:4)
  7 adders
  4 worms
  2 dart slugs
  15 orcs
  6 ball pythons
  9 endoplasms
  5 giant cockroaches
  4 goblins
  4 hobgoblins
  11 jackals
  3 quokkas
  10 bats
  A frilled lizard (D:1)
  8 kobolds
  6 rats
103 creatures vanquished.

Vanquished Creatures (others)
  A plant (D:1)
1 creature vanquished.

Grand Total: 104 creatures vanquished

Notes
Turn   | Place    | Note
-------+----------+-------------------------------------------
     0 | D:1      | MirrMurr the Minotaur Gladiator began the quest for the
                  | Orb.
     0 | D:1      | Reached XP level 1. HP: 18/18 MP: 0/0
   144 | D:1      | You fall into a shaft and drop 1 floor!
   185 | D:1      | Reached XP level 2. HP: 25/25 MP: 1/1
   781 | D:1      | Found a faded altar of an unknown god.
   929 | D:1      | Reached XP level 3. HP: 31/31 MP: 2/2
  1527 | D:2      | Reached XP level 4. HP: 32/38 MP: 3/3
  2791 | D:4      | Reached XP level 5. HP: 46/46 MP: 4/4
  3108 | D:4      | Noticed a phantom
  3121 | D:4      | Killed a phantom
  3122 | D:4      | Reached skill level 5 in Polearms
  3278 | D:4      | Reached XP level 6. HP: 41/52 MP: 5/5
  3716 | D:5      | Entered Level 5 of the Dungeon
  3752 | D:5      | Noticed a water moccasin
  3766 | D:5      | Killed a water moccasin
  3767 | D:5      | Reached skill level 5 in Dodging
  3842 | D:5      | Identified the +1 pair of boots of the Black Moon {Will-
                  | Str+6}
  3863 | D:5      | Found a staircase to the Ecumenical Temple.
  3872 | Temple   | Entered the Ecumenical Temple
  4173 | Temple   | Became a worshipper of Ru the Awakened
  4341 | D:5      | Reached skill level 5 in Fighting
  4341 | D:5      | Reached XP level 7. HP: 52/61 MP: 6/6
  4746 | D:5      | Noticed a steam dragon
  4757 | D:5      | HP: 3/61 [steam dragon/ball of steam (14)]
  4758 | D:5      | HP: 1/61 [steam dragon (3)]
  4759 | D:5      | Killed from afar by a steam dragon

Illustrated notes

Levels and vault maps discovered:
D:1:      amcnicky_arrival_feature_with_door, layout_basic,
          dreamdust_ecumenical_altar_grove
D:2:      layout_basic
D:3:      layout_rooms
D:4:      layout_loops_ring, grunt_decor_one_mirror
D:5:      layout_basic, temple_hall, roderic_lattice_a
Temple:   mainiacjoe_temple_trianglar_array

Skill      XL: |  1  2  3  4  5  6 |
---------------+-------------------+-----
Fighting       | 3 4 5 |  5.1
Polearms       | 4 5 |  5.9
Dodging        | 4 5 |  5.4
Throwing       | 3 4 |  4.2

Action                   |  1- 3 |  4- 6 |  7- 9 || total
-------------------------+-------+-------+-------++-------
Melee: Trident           |   102 |   137 |    13 ||   252
       Headbutt          |    13 |    17 |     3 ||    33
 Fire: Sling             |       |    57 |    11 ||    68
  Use: Scroll            |       |    13 |     2 ||    15
Armor: Chain mail        |    39 |    90 |     9 ||   138
Dodge: Dodged            |    27 |    63 |     8 ||    98

Table legend: (Time is in decaauts)
 A = Elapsed time spent in this place.
 B = Non-inter-level travel time spent in this place.
 C = Inter-level travel time spent in this place.
 D = Time resting spent in this place.
 E = Time spent auto-exploring this place.
 F = Levels seen in this place.
 G = Mean time per level.
                   A        B        C        D        E       F      G
               +--------+--------+--------+--------+--------+-----+--------+
         Total |   4816 |   4515 |    301 |    135 |   3635 |   6 |  802.7 |
       Dungeon |   4405 |   4128 |    277 |    135 |   3252 |   5 |  881.0 |
        Temple |    410 |    387 |     23 |      0 |    383 |   1 |  410.0 |
               +--------+--------+--------+--------+--------+-----+--------+

Top non-repeatable levels by time:
     D:1: 1040 daAuts
     D:4: 1013 daAuts
     D:2: 954 daAuts
     D:3: 793 daAuts
     D:5: 604 daAuts
  Temple: 410 daAuts
